Knights vs Influenza
(R2)
Created - April 3, 2019 at 19:50
Goals
|
Knights |
1 |
0 |
1 |
2 |
Influenza |
0 |
1 |
0 |
1 |
|
Shots
|
Knights |
10 |
4 |
8 |
22 |
Influenza |
8 |
7 |
10 |
25 |
|
1st period
1. Knights , Noel Acciari 37 (Ronalds Kenins 7) at 8:57
Penalties :
Collin Miller (Lon) for Holding Stick (Minor) at 1:20, Lucas Lessio (VJB) for High sticking (Minor) at 16:29
2nd period
2. Influenza , Beau Bennett 51 (Jimmy Vesey 49, Jake Guentzel 29) at 15:28
Penalties :
Jake Guentzel (VJB) for Interference (Minor) at 0:17, Iiro Pakarinen (VJB) for Tripping (Minor) at 7:11
3rd period
3. Knights , Pavel Buchnevich 47 (Noel Acciari 73) at 1:51
Penalties :
Iiro Pakarinen (VJB) for Holding (Minor) at 6:41, Iiro Pakarinen (VJB) for Roughing (Minor) at 13:17, Luca Sbisa (VJB) for Holding Stick (Minor) at 15:57
Goalie Stats
Magnus Hellberg (Lon), 24 saves from 25 shots - (0.960), W, 13-12-0, 60:00 minutes
Jeremy Duchesne (VJB), 20 saves from 22 shots - (0.909), L, 34-16-3, 59:10 minutes
Players Stats for Knights
Player Name G A P +/- PIM S H SB GA TA FO MP PP MP PK MP
------------------------------------------------------------------------------------
Boone Jenner 0 0 0 0 0 3 1 0 0 0 1/2 11:12 0:03 0:07
Brandon Saad 0 0 0 0 0 0 4 1 0 0 0/0 11:33 0:17 0:07
Brendan Gaunce 0 0 0 0 0 0 0 0 0 0 1/2 9:29 0:00 0:00
Brett Connolly 0 0 0 0 0 0 1 0 0 0 0/0 9:41 0:00 0:00
Collin Miller 0 0 0 1 2 2 1 1 0 1 0/0 18:43 5:08 0:00
Fredrik Claesson 0 0 0 -1 0 0 0 0 0 0 0/0 15:00 0:00 0:46
Jaccob Slavin 0 0 0 -1 0 1 1 3 1 0 0/0 24:34 6:46 0:46
Jordan Martinook 0 0 0 0 0 1 2 1 2 0 0/0 9:29 0:00 0:00
Josh Bailey 0 0 0 -1 0 1 3 1 0 2 0/1 18:28 5:16 0:46
Linden Vey 0 0 0 0 0 2 1 0 0 0 1/1 11:38 0:17 0:00
Ludwig Bystrom 0 0 0 1 0 0 1 0 0 0 0/0 13:11 0:00 0:00
Michael Raffl 0 0 0 -1 0 0 2 1 0 0 1/3 19:49 6:21 1:06
Miro Aaltonen 0 0 0 -1 0 2 0 0 1 0 4/10 16:21 5:16 0:00
Noel Acciari 1 1 2 2 0 4 1 0 0 1 13/26 21:43 6:35 1:06
Pavel Buchnevich 1 0 1 2 0 2 0 1 2 1 2/4 19:12 6:21 0:00
Ronalds Kenins 0 1 1 2 0 2 2 0 0 0 1/2 19:25 5:16 0:46
Tomas Kundratek 0 0 0 1 0 2 2 0 0 0 0/0 25:40 7:04 1:13
Zach Trotman 0 0 0 1 0 0 1 1 1 0 0/0 22:52 4:50 1:13
Players Stats for Influenza
Player Name G A P +/- PIM S H SB GA TA FO MP PP MP PK MP
------------------------------------------------------------------------------------
Andre Burakovsky 0 0 0 0 0 1 1 0 0 0 0/1 14:16 0:57 0:00
Anthony Mantha 0 0 0 0 0 0 2 0 0 0 0/0 13:32 0:00 3:17
Beau Bennett 1 0 1 -1 0 5 1 1 2 2 1/1 22:10 1:02 6:33
Calvin de Haan 0 0 0 -2 0 0 4 0 1 0 0/0 26:31 1:08 7:07
Dmitry Sinitsyn 0 0 0 0 0 1 1 0 0 0 0/0 12:58 0:00 0:00
Iiro Pakarinen 0 0 0 0 6 0 3 0 0 0 0/0 14:32 0:57 0:00
Jake Guentzel 0 1 1 -1 2 1 2 0 0 1 11/23 14:22 1:02 0:00
Jimmy Vesey 0 1 1 -1 0 4 2 2 0 0 0/0 15:29 1:02 0:00
Johan Larsson 0 0 0 0 0 0 0 0 0 0 0/0 8:18 0:00 0:20
Jordan Schroeder 0 0 0 0 0 3 0 0 0 0 0/1 9:36 0:00 1:38
Justin Bailey 0 0 0 0 0 1 3 0 0 0 0/0 7:55 0:00 0:00
Luca Sbisa 0 0 0 0 2 0 0 1 0 0 0/0 13:03 0:00 0:00
Lucas Lessio 0 0 0 0 2 0 0 0 0 0 0/0 11:42 0:00 1:44
Mark Olver 0 0 0 0 0 3 2 0 0 0 6/12 19:42 0:57 3:59
Mathieu Carle 0 0 0 -2 0 0 1 0 2 1 0/0 26:31 1:08 7:07
Paul Ladue 0 0 0 1 0 1 0 0 0 2 0/0 20:31 0:51 4:47
Tim Erixon 0 0 0 1 0 4 1 1 0 1 0/0 20:31 0:51 4:47
Zac Dalpe 0 0 0 0 0 1 3 0 0 0 9/13 16:21 0:00 6:17
3 Stars
1 - Noel Acciari (Lon)
2 - Pavel Buchnevich (Lon)
3 - Magnus Hellberg (Lon)
Power Play
Knights - 0 on 6 Attempt(s) - 0.00%
Influenza - 0 on 1 Attempt(s) - 0.00%
Penalty Kill
Knights - 1 on 1 Attempt(s) - 100.00%
- Score 0 goal in Penalty Kill
Influenza - 6 on 6 Attempt(s) - 100.00%
- Score 0 goal in Penalty Kill
Team Stat
Knights - Hits : 23 - Faceoff Wins : 24 - Blocked Shots : 10 - Penalty Minutes : 2
Influenza - Hits : 26 - Faceoff Wins : 27 - Blocked Shots : 5 - Penalty Minutes : 12
Official
Referees : Unknown
Linesman : Unknown
Game Notes
No Game Note
Finance
Level 1 -- Attendance: 1648 (82.40%) -- Ticket Income $65,920
Level 2 -- Attendance: 691 (69.10%) -- Ticket Income $13,820
Total Attendance: 2339 (77.97%)
Total Ticket Income: $79,740
Other Income: $3,987
Total Income: $83,727
Knights
5 vs 5 Forward
Center Left Wing Right Wing Time % Phy DF OF
1 Noel Acciari Ronalds Kenins Pavel Buchnevich 40 1 2 2
2 Miro Aaltonen Michael Raffl Josh Bailey 30 1 2 2
3 Boone Jenner Brandon Saad Linden Vey 20 1 2 2
4 Brendan Gaunce Jordan Martinook Brett Connolly 10 1 2 2
5 vs 5 Defense
Defense Defense Time % Phy DF OF
1 Tomas Kundratek Zach Trotman 40 1 2 2
2 Jaccob Slavin Fredrik Claesson 30 1 2 2
3 Collin Miller Ludwig Bystrom 20 1 2 2
4 Zach Trotman Jaccob Slavin 10 1 2 2
PowerPlay Forward
Center Left Wing Right Wing Time % Phy DF OF
1 Noel Acciari Michael Raffl Pavel Buchnevich 60 1 1 3
2 Miro Aaltonen Ronalds Kenins Josh Bailey 40 1 1 3
PowerPlay Defense
Defense Defense Time % Phy DF OF
1 Jaccob Slavin Tomas Kundratek 60 0 1 4
2 Zach Trotman Collin Miller 40 0 1 4
Penalty Kill 4 Players Forward
Center Wing Time % Phy DF OF
1 Noel Acciari Michael Raffl 60 1 3 1
2 Josh Bailey Ronalds Kenins 40 1 3 1
Penalty Kill 4 Players Defense
Defense Defense Time % Phy DF OF
1 Tomas Kundratek Zach Trotman 60 1 3 1
2 Fredrik Claesson Jaccob Slavin 40 1 3 1
Penalty Kill - 3 Players Forward
Forward Time % Phy DF OF
1 Michael Raffl 60 0 4 1
2 Noel Acciari 40 0 4 1
Penalty Kill - 3 Players Defense
Defense Defense Time % Phy DF OF
1 Tomas Kundratek Fredrik Claesson 60 1 3 1
2 Jaccob Slavin Zach Trotman 40 1 3 1
4 vs 4 Forward
Center Wing Time % Phy DF OF
1 Miro Aaltonen Josh Bailey 60 1 2 2
2 Noel Acciari Pavel Buchnevich 40 1 2 2
4 vs 4 Defense
Defense Defense Time % Phy DF OF
1 Collin Miller Zach Trotman 60 1 2 2
2 Tomas Kundratek Jaccob Slavin 40 1 2 2
Last Minutes Offensive
Center Left Wing Right Wing Defense Defense
Noel Acciari Michael Raffl Pavel Buchnevich Jaccob Slavin Tomas Kundratek
Last Minutes Defensive
Center Left Wing Right Wing Defense Defense
Noel Acciari Michael Raffl Josh Bailey Tomas Kundratek Jaccob Slavin
Goaltenders
Starting : Magnus Hellberg
Backup : Ben Scrivens
Extra Forwards
Normal : Pavel Buchnevich, Linden Vey, Michael Raffl - PP : Josh Bailey, Michael Raffl - PK : Michael Raffl
Extra Defensemen
Normal : Jaccob Slavin, Zach Trotman, Collin Miller - PP : Zach Trotman - PK : Jaccob Slavin, Zach Trotman
Penalty Shots
Michael Raffl, Boone Jenner, Pavel Buchnevich, Noel Acciari, Linden Vey
Scratches
Zach Nastasiuk (Healthy), Jonathan Huberdeau (Torn Left MCL Injury), Cody Bass (Healthy), Nicklas Jensen (Healthy), Alan Quine (Healthy)
Michael Matheson (Broken Left Thumb Injury), David Shields (Healthy), Matthew Benning (Healthy), Trevor Moore (Healthy), Scott Wilson (Healthy)
Curtis Valk (Healthy), Anthony Louis (Healthy), Travis Boyd (Healthy), Nicolas Petan (Healthy), Vince Hinostroza (Healthy)
Anton Blidh (Healthy), Justin Braun (Left Eye Injury), A.J. Jenks (Healthy), Connor Knapp (Healthy), Eamon McAdam (Healthy)
Philippe Desrosiers (Healthy), Ville Husso (Healthy)
Influenza
5 vs 5 Forward
Center Left Wing Right Wing Time % Phy DF OF
1 Jake Guentzel Jimmy Vesey Beau Bennett 40 1 2 2
2 Mark Olver Andre Burakovsky Iiro Pakarinen 30 1 2 2
3 Zac Dalpe Lucas Lessio Anthony Mantha 20 1 2 2
4 Jordan Schroeder Johan Larsson Justin Bailey 10 1 2 2
5 vs 5 Defense
Defense Defense Time % Phy DF OF
1 Calvin de Haan Mathieu Carle 40 1 2 2
2 Paul Ladue Tim Erixon 30 1 2 2
3 Luca Sbisa Dmitry Sinitsyn 20 1 2 2
4 Calvin de Haan Mathieu Carle 10 1 2 2
PowerPlay Forward
Center Left Wing Right Wing Time % Phy DF OF
1 Jake Guentzel Jimmy Vesey Beau Bennett 60 1 2 2
2 Mark Olver Andre Burakovsky Iiro Pakarinen 40 1 2 2
PowerPlay Defense
Defense Defense Time % Phy DF OF
1 Calvin de Haan Mathieu Carle 60 1 2 2
2 Paul Ladue Tim Erixon 40 1 2 2
Penalty Kill 4 Players Forward
Center Wing Time % Phy DF OF
1 Zac Dalpe Beau Bennett 60 1 2 2
2 Mark Olver Anthony Mantha 40 1 2 2
Penalty Kill 4 Players Defense
Defense Defense Time % Phy DF OF
1 Calvin de Haan Mathieu Carle 60 1 2 2
2 Paul Ladue Tim Erixon 40 1 2 2
Penalty Kill - 3 Players Forward
Forward Time % Phy DF OF
1 Zac Dalpe 60 1 2 2
2 Mark Olver 40 1 2 2
Penalty Kill - 3 Players Defense
Defense Defense Time % Phy DF OF
1 Mathieu Carle Calvin de Haan 60 1 2 2
2 Paul Ladue Tim Erixon 40 1 2 2
4 vs 4 Forward
Center Wing Time % Phy DF OF
1 Mark Olver Beau Bennett 60 1 2 2
2 Zac Dalpe Jimmy Vesey 40 1 2 2
4 vs 4 Defense
Defense Defense Time % Phy DF OF
1 Calvin de Haan Mathieu Carle 60 1 2 2
2 Paul Ladue Tim Erixon 40 1 2 2
Last Minutes Offensive
Center Left Wing Right Wing Defense Defense
Mark Olver Jimmy Vesey Beau Bennett Calvin de Haan Mathieu Carle
Last Minutes Defensive
Center Left Wing Right Wing Defense Defense
Zac Dalpe Jimmy Vesey Beau Bennett Calvin de Haan Mathieu Carle
Goaltenders
Starting : Jeremy Duchesne
Backup : Tyson Sexsmith
Extra Forwards
Normal : Anthony Mantha, Jake Guentzel, Zac Dalpe - PP : Justin Bailey, Anthony Mantha - PK : Mark Olver
Extra Defensemen
Normal : Paul Ladue, Calvin de Haan, Luca Sbisa - PP : Dmitry Sinitsyn - PK : Paul Ladue, Luca Sbisa
Penalty Shots
Beau Bennett, Andre Burakovsky, Calvin de Haan, Zac Dalpe, Jake Guentzel
Scratches
Jacob Josefson (Healthy), Shane Prince (Healthy), Jamie Devane (Healthy), Jeff Corbett (Healthy), Henri Ikonen (Healthy)
Fredric Larsson (Healthy), Tom Kuhnhackl (Healthy), Rocco Grimaldi (Healthy), Josh Andrerson (Healthy), Jesse Graham (Healthy)
Jamie Phillips (Healthy)
% Time on Ice - Knights
Lines # - Real PCT - Wanted PCT - Time Play
Normal Forward
1 - 29% - 40% - 12:58
2 - 26% - 30% - 11:41
3 - 24% - 20% - 11:02
4 - 21% - 10% - 9:29
Normal Defense
1 - 39% - 40% - 17:38
2 - 28% - 30% - 12:36
3 - 29% - 20% - 13:12
4 - 4% - 10% - 1:44
PP Forward
1 - 56% - 60% - 6:38
2 - 44% - 40% - 5:16
PP Defense
1 - 59% - 60% - 7:04
2 - 41% - 40% - 4:50
PK Forward
1 - 61% - 60% - 1:13
2 - 39% - 40% - 0:46
PK Defense
1 - 61% - 60% - 1:13
2 - 39% - 40% - 0:46
PK3 Forward
1 - 0% - 60%
2 - 0% - 40%
PK3 Defense
1 - 0% - 60%
2 - 0% - 40%
44 Forward
1 - 0% - 60%
2 - 0% - 40%
44 Defense
1 - 0% - 60%
2 - 0% - 40%
Last Minute Offensive - 0:00
Last Minute Defensive - 0:57
Total
Forward - 60:00
Defense - 60:00
|
% Time on Ice - Influenza
Lines # - Real PCT - Wanted PCT - Time Play
Normal Forward
1 - 30% - 40% - 13:30
2 - 30% - 30% - 13:38
3 - 22% - 20% - 9:56
4 - 18% - 10% - 7:55
Normal Defense
1 - 36% - 40% - 16:23
2 - 33% - 30% - 14:53
3 - 29% - 20% - 12:58
4 - 2% - 10% - 0:45
PP Forward
1 - 52% - 60% - 1:02
2 - 48% - 40% - 0:57
PP Defense
1 - 57% - 60% - 1:08
2 - 43% - 40% - 0:51
PK Forward
1 - 72% - 60% - 8:37
2 - 28% - 40% - 3:17
PK Defense
1 - 60% - 60% - 7:07
2 - 40% - 40% - 4:47
PK3 Forward
1 - 0% - 60%
2 - 0% - 40%
PK3 Defense
1 - 0% - 60%
2 - 0% - 40%
44 Forward
1 - 0% - 60%
2 - 0% - 40%
44 Defense
1 - 0% - 60%
2 - 0% - 40%
Last Minute Offensive - 1:08
Last Minute Defensive - 0:00
Total
Forward - 60:00
Defense - 60:00
|
Play-by-Play
1st period
0:01 of 1st period - Noel Acciari wins face-off versus Jake Guentzel in neutral zone.
0:12 of 1st period - Snap shot by Noel Acciari.
0:12 of 1st period - Shot Misses the Net.
0:26 of 1st period - Michael Raffl is hit by Calvin de Haan and loses puck.
0:51 of 1st period - Snap shot by Boone Jenner.
0:51 of 1st period - Stopped by Jeremy Duchesne with a rebound.
0:57 of 1st period - Snap shot by Linden Vey.
0:57 of 1st period - Stopped by Jeremy Duchesne with a rebound.
0:59 of 1st period - Snap shot by Linden Vey.
0:59 of 1st period - Shot Misses the Net.
1:13 of 1st period - Snap shot by Justin Bailey.
1:13 of 1st period - Shot Misses the Net.
1:15 of 1st period - Slapshot by Tim Erixon.
1:15 of 1st period - Stopped by Magnus Hellberg without a rebound.
1:16 of 1st period - Jake Guentzel wins face-off versus Noel Acciari in Knights zone.
1:20 of 1st period - Minor Penalty to Collin Miller for Holding Stick.
1:21 of 1st period - Noel Acciari wins face-off versus Jake Guentzel in Knights zone.
1:51 of 1st period - Off-side.
1:52 of 1st period - Mark Olver wins face-off versus Josh Bailey in neutral zone.
2:05 of 1st period - Wrist shot by Mark Olver.
2:05 of 1st period - Stopped by Magnus Hellberg with a rebound.
3:20 of 1st period - Penalty to Collin Miller is over, Collin Miller is back on ice.
3:34 of 1st period - Fredrik Claesson is hit by Anthony Mantha and loses puck.
3:47 of 1st period - Dmitry Sinitsyn is hit by Brandon Saad.
3:53 of 1st period - Slapshot by Jordan Schroeder.
3:53 of 1st period - Stopped by Magnus Hellberg with a rebound.
3:55 of 1st period - Backhand shot by Dmitry Sinitsyn.
3:55 of 1st period - Shot Misses the Net.
3:57 of 1st period - Wrist shot by Luca Sbisa.
3:57 of 1st period - Shot Misses the Net.
5:40 of 1st period - Iiro Pakarinen is hit by Michael Raffl and loses puck.
6:45 of 1st period - Zac Dalpe is hit by Zach Trotman.
7:33 of 1st period - Dmitry Sinitsyn is hit by Brandon Saad and loses puck.
8:09 of 1st period - Paul Ladue is hit by Collin Miller and loses puck.
8:25 of 1st period - Off-side.
8:26 of 1st period - Mark Olver wins face-off versus Brendan Gaunce in neutral zone.
8:31 of 1st period - Fredrik Claesson is hit by Mark Olver and loses puck.
8:52 of 1st period - Mathieu Carle is hit by Ronalds Kenins and loses puck.
8:57 of 1st period - Snap shot by Noel Acciari.
8:57 of 1st period - Goal by Noel Acciari - Knights : 1 - Influenza : 0.
8:58 of 1st period - Jake Guentzel wins face-off versus Ronalds Kenins in neutral zone.
9:25 of 1st period - Andre Burakovsky is hit by Boone Jenner and loses puck.
10:32 of 1st period - Wrist shot by Beau Bennett.
10:32 of 1st period - Stopped by Magnus Hellberg without a rebound.
10:33 of 1st period - Mark Olver wins face-off versus Noel Acciari in Knights zone.
10:45 of 1st period - Snap shot by Tim Erixon.
10:45 of 1st period - Stopped by Magnus Hellberg with a rebound.
10:47 of 1st period - Wrist shot by Tim Erixon.
10:47 of 1st period - Shot Blocked by Zach Trotman.
10:49 of 1st period - Slapshot by Iiro Pakarinen.
10:49 of 1st period - Shot Misses the Net.
10:59 of 1st period - Jimmy Vesey is hit by Josh Bailey and loses puck.
11:04 of 1st period - Snap shot by Miro Aaltonen.
11:04 of 1st period - Shot Blocked by Jimmy Vesey.
11:06 of 1st period - Wrist shot by Josh Bailey.
11:06 of 1st period - Deflect By Miro Aaltonen.
11:06 of 1st period - Shot Blocked by Jimmy Vesey.
11:06 of 1st period - Puck is out of play.
11:07 of 1st period - Jake Guentzel wins face-off versus Miro Aaltonen in Influenza zone.
11:07 of 1st period - Jake Guentzel is hit by Michael Raffl.
12:05 of 1st period - Slapshot by Linden Vey.
12:05 of 1st period - Deflect By Brandon Saad.
12:05 of 1st period - Shot Misses the Net.
12:05 of 1st period - Puck is out of play.
12:06 of 1st period - Jake Guentzel wins face-off versus Noel Acciari in Influenza zone.
12:53 of 1st period - Snap shot by Tomas Kundratek.
12:53 of 1st period - Deflect By Linden Vey.
12:53 of 1st period - Shot Misses the Net.
12:53 of 1st period - Puck is out of play.
12:54 of 1st period - Boone Jenner wins face-off versus Zac Dalpe in Influenza zone.
13:26 of 1st period - Snap shot by Ronalds Kenins.
13:26 of 1st period - Shot Misses the Net.
13:28 of 1st period - Slapshot by Collin Miller.
13:28 of 1st period - Stopped by Jeremy Duchesne without a rebound.
13:29 of 1st period - Miro Aaltonen wins face-off versus Mark Olver in Influenza zone.
13:30 of 1st period - Snap shot by Josh Bailey.
13:30 of 1st period - Stopped by Jeremy Duchesne with a rebound.
13:32 of 1st period - Slapshot by Ludwig Bystrom.
13:32 of 1st period - Shot Misses the Net.
13:34 of 1st period - Wrist shot by Miro Aaltonen.
13:34 of 1st period - Stopped by Jeremy Duchesne without a rebound.
13:35 of 1st period - Miro Aaltonen wins face-off versus Mark Olver in Influenza zone.
13:38 of 1st period - Snap shot by Miro Aaltonen.
13:38 of 1st period - Shot Misses the Net.
13:40 of 1st period - Slapshot by Zach Trotman.
13:40 of 1st period - Deflect By Miro Aaltonen.
13:40 of 1st period - Stopped by Jeremy Duchesne without a rebound.
13:41 of 1st period - Noel Acciari wins face-off versus Jake Guentzel in Influenza zone.
14:55 of 1st period - Wrist shot by Jordan Martinook.
14:55 of 1st period - Shot Blocked by Luca Sbisa.
15:20 of 1st period - Wrist shot by Jimmy Vesey.
15:20 of 1st period - Shot Blocked by Collin Miller.
15:22 of 1st period - Wrist shot by Jimmy Vesey.
15:22 of 1st period - Stopped by Magnus Hellberg with a rebound.
15:24 of 1st period - Snap shot by Jake Guentzel.
15:24 of 1st period - Stopped by Magnus Hellberg with a rebound.
15:34 of 1st period - Tim Erixon is hit by Josh Bailey and loses puck.
16:15 of 1st period - Wrist shot by Jordan Martinook.
16:15 of 1st period - Shot Misses the Net.
16:17 of 1st period - Backhand shot by Zach Trotman.
16:17 of 1st period - Shot Misses the Net.
16:19 of 1st period - Slapshot by Tomas Kundratek.
16:19 of 1st period - Stopped by Jeremy Duchesne with a rebound.
16:29 of 1st period - Minor Penalty to Lucas Lessio for High sticking.
16:30 of 1st period - Zac Dalpe wins face-off versus Noel Acciari in Influenza zone.
16:36 of 1st period - Icing by Pavel Buchnevich.
16:37 of 1st period - Michael Raffl wins face-off versus Zac Dalpe in Knights zone.
17:00 of 1st period - Slapshot by Tomas Kundratek.
17:00 of 1st period - Deflect By Noel Acciari.
17:00 of 1st period - Stopped by Jeremy Duchesne without a rebound.
17:01 of 1st period - Miro Aaltonen wins face-off versus Zac Dalpe in Influenza zone.
17:30 of 1st period - Snap shot by Paul Ladue.
17:30 of 1st period - Stopped by Magnus Hellberg with a rebound.
17:36 of 1st period - Slapshot by Tomas Kundratek.
17:36 of 1st period - Stopped by Jeremy Duchesne with a rebound.
18:29 of 1st period - Penalty to Lucas Lessio is over, Lucas Lessio is back on ice.
18:51 of 1st period - Jimmy Vesey is hit by Jordan Martinook and loses puck.
19:30 of 1st period - Ludwig Bystrom is hit by Zac Dalpe and loses puck.
19:45 of 1st period - Beau Bennett is hit by Brett Connolly and loses puck.
Goals for this period are 1 for Knights vs 0 for Influenza.
Shots for this period are 10 for Knights vs 8 for Influenza.
2nd period
0:01 of 2nd period - Noel Acciari wins face-off versus Jake Guentzel in neutral zone.
0:17 of 2nd period - Minor Penalty to Jake Guentzel for Interference.
0:18 of 2nd period - Zac Dalpe wins face-off versus Pavel Buchnevich in Influenza zone.
0:18 of 2nd period - Zac Dalpe is hit by Jaccob Slavin.
2:17 of 2nd period - Penalty to Jake Guentzel is over, Jake Guentzel is back on ice.
4:02 of 2nd period - Pavel Buchnevich is hit by Iiro Pakarinen and loses puck.
5:27 of 2nd period - Ronalds Kenins is hit by Beau Bennett.
5:41 of 2nd period - Brendan Gaunce is hit by Justin Bailey and loses puck.
5:58 of 2nd period - Miro Aaltonen is hit by Calvin de Haan and loses puck.
6:34 of 2nd period - Paul Ladue is hit by Ronalds Kenins and loses puck.
6:45 of 2nd period - Anthony Mantha is hit by Jordan Martinook and loses puck.
7:04 of 2nd period - Slapshot by Andre Burakovsky.
7:04 of 2nd period - Shot Misses the Net.
7:11 of 2nd period - Minor Penalty to Iiro Pakarinen for Tripping.
7:12 of 2nd period - Zac Dalpe wins face-off versus Michael Raffl in Influenza zone.
7:23 of 2nd period - Wrist shot by Pavel Buchnevich.
7:23 of 2nd period - Stopped by Jeremy Duchesne without a rebound.
7:24 of 2nd period - Zac Dalpe wins face-off versus Pavel Buchnevich in Influenza zone.
8:01 of 2nd period - Zac Dalpe is hit by Josh Bailey and loses puck.
9:11 of 2nd period - Penalty to Iiro Pakarinen is over, Iiro Pakarinen is back on ice.
9:22 of 2nd period - Slapshot by Linden Vey.
9:22 of 2nd period - Shot Misses the Net.
9:30 of 2nd period - Snap shot by Brandon Saad.
9:30 of 2nd period - Shot Hit the Post.
10:10 of 2nd period - Boone Jenner is hit by Zac Dalpe.
12:27 of 2nd period - Josh Bailey is hit by Jake Guentzel and loses puck.
12:51 of 2nd period - Zach Trotman is hit by Justin Bailey.
12:55 of 2nd period - Linden Vey is hit by Calvin de Haan and loses puck.
13:18 of 2nd period - Miro Aaltonen is hit by Zac Dalpe and loses puck.
14:10 of 2nd period - Tim Erixon is hit by Tomas Kundratek and loses puck.
14:35 of 2nd period - Anthony Mantha is hit by Ludwig Bystrom and loses puck.
14:58 of 2nd period - Snap shot by Iiro Pakarinen.
14:58 of 2nd period - Deflect By Andre Burakovsky.
14:58 of 2nd period - Shot Misses the Net.
14:58 of 2nd period - Puck is out of play.
14:59 of 2nd period - Noel Acciari wins face-off versus Andre Burakovsky in Knights zone.
15:10 of 2nd period - Slapshot by Andre Burakovsky.
15:10 of 2nd period - Shot Misses the Net.
15:12 of 2nd period - Snap shot by Mark Olver.
15:12 of 2nd period - Shot Misses the Net.
15:14 of 2nd period - Snap shot by Mark Olver.
15:14 of 2nd period - Deflect By Iiro Pakarinen.
15:14 of 2nd period - Shot Misses the Net.
15:14 of 2nd period - Puck is out of play.
15:15 of 2nd period - Jake Guentzel wins face-off versus Miro Aaltonen in Knights zone.
15:28 of 2nd period - Snap shot by Beau Bennett.
15:28 of 2nd period - Goal by Beau Bennett - Knights : 1 - Influenza : 1.
15:29 of 2nd period - Noel Acciari wins face-off versus Jake Guentzel in neutral zone.
15:34 of 2nd period - Wrist shot by Jimmy Vesey.
15:34 of 2nd period - Stopped by Magnus Hellberg without a rebound.
15:35 of 2nd period - Noel Acciari wins face-off versus Jake Guentzel in Knights zone.
16:06 of 2nd period - Off-side.
16:07 of 2nd period - Mark Olver wins face-off versus Miro Aaltonen in neutral zone.
16:20 of 2nd period - Snap shot by Andre Burakovsky.
16:20 of 2nd period - Shot Blocked by Michael Raffl.
16:22 of 2nd period - Slapshot by Tim Erixon.
16:22 of 2nd period - Stopped by Magnus Hellberg without a rebound.
16:23 of 2nd period - Jake Guentzel wins face-off versus Noel Acciari in Knights zone.
16:24 of 2nd period - Wrist shot by Jimmy Vesey.
16:24 of 2nd period - Shot Misses the Net.
16:53 of 2nd period - Jaccob Slavin is hit by Calvin de Haan and loses puck.
17:15 of 2nd period - Slapshot by Boone Jenner.
17:15 of 2nd period - Deflect By Paul Ladue.
17:15 of 2nd period - Stopped by Jeremy Duchesne with a rebound.
17:17 of 2nd period - Wrist shot by Brandon Saad.
17:17 of 2nd period - Shot Misses the Net.
17:19 of 2nd period - Slapshot by Ludwig Bystrom.
17:19 of 2nd period - Shot Blocked by Tim Erixon.
17:29 of 2nd period - Noel Acciari is hit by Tim Erixon and loses puck.
17:34 of 2nd period - Snap shot by Jordan Schroeder.
17:34 of 2nd period - Stopped by Magnus Hellberg with a rebound.
17:36 of 2nd period - Slapshot by Dmitry Sinitsyn.
17:36 of 2nd period - Stopped by Magnus Hellberg without a rebound.
17:37 of 2nd period - Jake Guentzel wins face-off versus Michael Raffl in Knights zone.
17:40 of 2nd period - Snap shot by Jimmy Vesey.
17:40 of 2nd period - Stopped by Magnus Hellberg without a rebound.
17:41 of 2nd period - Miro Aaltonen wins face-off versus Jake Guentzel in Knights zone.
18:08 of 2nd period - Jake Guentzel is hit by Brandon Saad and loses puck.
18:15 of 2nd period - Zach Trotman is hit by Jake Guentzel.
18:29 of 2nd period - Wrist shot by Jimmy Vesey.
18:29 of 2nd period - Shot Hit the Post.
18:35 of 2nd period - Snap shot by Beau Bennett.
18:35 of 2nd period - Stopped by Magnus Hellberg without a rebound.
18:36 of 2nd period - Noel Acciari wins face-off versus Mark Olver in Knights zone.
18:36 of 2nd period - Noel Acciari is hit by Iiro Pakarinen.
19:14 of 2nd period - Snap shot by Jaccob Slavin.
19:14 of 2nd period - Deflect By Mathieu Carle.
19:14 of 2nd period - Stopped by Jeremy Duchesne with a rebound.
19:51 of 2nd period - Slapshot by Collin Miller.
19:51 of 2nd period - Stopped by Jeremy Duchesne with a rebound.
Goals for this period are 0 for Knights vs 1 for Influenza.
Shots for this period are 4 for Knights vs 7 for Influenza.
3rd period
0:01 of 3rd period - Noel Acciari wins face-off versus Jake Guentzel in neutral zone.
0:08 of 3rd period - Wrist shot by Noel Acciari.
0:08 of 3rd period - Stopped by Jeremy Duchesne without a rebound.
0:09 of 3rd period - Jake Guentzel wins face-off versus Noel Acciari in Influenza zone.
0:16 of 3rd period - Wrist shot by Beau Bennett.
0:16 of 3rd period - Stopped by Magnus Hellberg with a rebound.
0:24 of 3rd period - Snap shot by Jimmy Vesey.
0:24 of 3rd period - Stopped by Magnus Hellberg without a rebound.
0:25 of 3rd period - Mark Olver wins face-off versus Miro Aaltonen in Knights zone.
0:40 of 3rd period - Snap shot by Michael Raffl.
0:40 of 3rd period - Shot Misses the Net.
0:50 of 3rd period - Noel Acciari is hit by Jimmy Vesey and loses puck.
1:23 of 3rd period - Snap shot by Lucas Lessio.
1:23 of 3rd period - Shot Blocked by Jaccob Slavin.
1:39 of 3rd period - Off-side.
1:40 of 3rd period - Brendan Gaunce wins face-off versus Jordan Schroeder in neutral zone.
1:43 of 3rd period - Snap shot by Jordan Martinook.
1:43 of 3rd period - Stopped by Jeremy Duchesne without a rebound.
1:44 of 3rd period - Pavel Buchnevich wins face-off versus Jake Guentzel in Influenza zone.
1:45 of 3rd period - Snap shot by Noel Acciari.
1:45 of 3rd period - Stopped by Jeremy Duchesne without a rebound.
1:46 of 3rd period - Pavel Buchnevich wins face-off versus Jake Guentzel in Influenza zone.
1:49 of 3rd period - Slapshot by Ronalds Kenins.
1:49 of 3rd period - Stopped by Jeremy Duchesne without a rebound.
1:50 of 3rd period - Noel Acciari wins face-off versus Jake Guentzel in Influenza zone.
1:51 of 3rd period - Wrist shot by Pavel Buchnevich.
1:51 of 3rd period - Goal by Pavel Buchnevich - Knights : 2 - Influenza : 1.
1:52 of 3rd period - Ronalds Kenins wins face-off versus Jake Guentzel in neutral zone.
2:18 of 3rd period - Iiro Pakarinen is hit by Tomas Kundratek and loses puck.
2:33 of 3rd period - Josh Bailey is hit by Iiro Pakarinen.
3:12 of 3rd period - Snap shot by Andre Burakovsky.
3:12 of 3rd period - Shot Misses the Net.
3:14 of 3rd period - Slapshot by Mark Olver.
3:14 of 3rd period - Stopped by Magnus Hellberg with a rebound.
3:16 of 3rd period - Snap shot by Iiro Pakarinen.
3:16 of 3rd period - Shot Misses the Net.
3:18 of 3rd period - Wrist shot by Andre Burakovsky.
3:18 of 3rd period - Stopped by Magnus Hellberg without a rebound.
3:19 of 3rd period - Jake Guentzel wins face-off versus Noel Acciari in Knights zone.
3:22 of 3rd period - Snap shot by Beau Bennett.
3:22 of 3rd period - Stopped by Magnus Hellberg without a rebound.
3:23 of 3rd period - Jake Guentzel wins face-off versus Noel Acciari in Knights zone.
4:30 of 3rd period - Wrist shot by Beau Bennett.
4:30 of 3rd period - Shot Blocked by Pavel Buchnevich.
4:32 of 3rd period - Slapshot by Tim Erixon.
4:32 of 3rd period - Stopped by Magnus Hellberg without a rebound.
4:33 of 3rd period - Jake Guentzel wins face-off versus Miro Aaltonen in Knights zone.
4:38 of 3rd period - Wrist shot by Beau Bennett.
4:38 of 3rd period - Shot Blocked by Josh Bailey.
5:04 of 3rd period - Slapshot by Jaccob Slavin.
5:04 of 3rd period - Shot Blocked by Beau Bennett.
5:06 of 3rd period - Slapshot by Jaccob Slavin.
5:06 of 3rd period - Shot Misses the Net.
5:08 of 3rd period - Snap shot by Ronalds Kenins.
5:08 of 3rd period - Shot Hit the Post.
5:20 of 3rd period - Boone Jenner is hit by Andre Burakovsky and loses puck.
5:59 of 3rd period - Ludwig Bystrom is hit by Justin Bailey and loses puck.
6:21 of 3rd period - Snap shot by Iiro Pakarinen.
6:21 of 3rd period - Shot Misses the Net.
6:23 of 3rd period - Snap shot by Mark Olver.
6:23 of 3rd period - Stopped by Magnus Hellberg without a rebound.
6:24 of 3rd period - Noel Acciari wins face-off versus Mark Olver in Knights zone.
6:41 of 3rd period - Minor Penalty to Iiro Pakarinen for Holding.
6:42 of 3rd period - Zac Dalpe wins face-off versus Noel Acciari in Influenza zone.
7:43 of 3rd period - Anthony Mantha is hit by Noel Acciari and loses puck.
8:41 of 3rd period - Penalty to Iiro Pakarinen is over, Iiro Pakarinen is back on ice.
8:54 of 3rd period - Slapshot by Paul Ladue.
8:54 of 3rd period - Shot Misses the Net.
10:27 of 3rd period - Fredrik Claesson is hit by Jimmy Vesey and loses puck.
10:46 of 3rd period - Paul Ladue is hit by Brandon Saad.
11:26 of 3rd period - Anthony Mantha is hit by Linden Vey and loses puck.
11:58 of 3rd period - Slapshot by Jordan Schroeder.
11:58 of 3rd period - Shot Blocked by Jordan Martinook.
12:00 of 3rd period - Snap shot by Jordan Schroeder.
12:00 of 3rd period - Shot Misses the Net.
12:06 of 3rd period - Slapshot by Jordan Schroeder.
12:06 of 3rd period - Deflect By Justin Bailey.
12:06 of 3rd period - Stopped by Magnus Hellberg without a rebound.
12:07 of 3rd period - Zac Dalpe wins face-off versus Noel Acciari in Knights zone.
12:10 of 3rd period - Wrist shot by Zac Dalpe.
12:10 of 3rd period - Stopped by Magnus Hellberg without a rebound.
12:11 of 3rd period - Zac Dalpe wins face-off versus Noel Acciari in Knights zone.
13:17 of 3rd period - Minor Penalty to Iiro Pakarinen for Roughing.
13:18 of 3rd period - Noel Acciari wins face-off versus Zac Dalpe in Influenza zone.
15:15 of 3rd period - Zach Trotman is hit by Anthony Mantha and loses puck.
15:17 of 3rd period - Penalty to Iiro Pakarinen is over, Iiro Pakarinen is back on ice.
15:28 of 3rd period - Wrist shot by Calvin de Haan.
15:28 of 3rd period - Shot Blocked by Jaccob Slavin.
15:30 of 3rd period - Snap shot by Mark Olver.
15:30 of 3rd period - Shot Blocked by Jaccob Slavin.
15:45 of 3rd period - Icing by Brendan Gaunce.
15:46 of 3rd period - Linden Vey wins face-off versus Mark Olver in Knights zone.
15:46 of 3rd period - Linden Vey is hit by Dmitry Sinitsyn.
15:54 of 3rd period - Wrist shot by Linden Vey.
15:54 of 3rd period - Stopped by Jeremy Duchesne without a rebound.
15:55 of 3rd period - Zac Dalpe wins face-off versus Noel Acciari in Influenza zone.
15:57 of 3rd period - Minor Penalty to Luca Sbisa for Holding Stick.
15:58 of 3rd period - Zac Dalpe wins face-off versus Noel Acciari in Influenza zone.
17:33 of 3rd period - Collin Miller is hit by Mathieu Carle and loses puck.
17:44 of 3rd period - Wrist shot by Jordan Schroeder.
17:44 of 3rd period - Stopped by Magnus Hellberg without a rebound.
17:45 of 3rd period - Beau Bennett wins face-off versus Miro Aaltonen in Knights zone.
17:57 of 3rd period - Penalty to Luca Sbisa is over, Luca Sbisa is back on ice.
18:02 of 3rd period - Snap shot by Boone Jenner.
18:02 of 3rd period - Stopped by Jeremy Duchesne without a rebound.
18:03 of 3rd period - Mark Olver wins face-off versus Boone Jenner in Influenza zone.
18:14 of 3rd period - Slapshot by Tim Erixon.
18:14 of 3rd period - Shot Blocked by Brandon Saad.
18:47 of 3rd period - Pavel Buchnevich is hit by Mark Olver and loses puck.
19:02 of 3rd period - Slapshot by Ronalds Kenins.
19:02 of 3rd period - Stopped by Jeremy Duchesne without a rebound.
19:03 of 3rd period - Joel Quenneville call a timeout for Influenza.
19:03 of 3rd period - Noel Acciari wins face-off versus Mark Olver in Influenza zone.
19:10 of 3rd period - Influenza, Jeremy Duchesne is pulled from the net.
Goals for this period are 1 for Knights vs 0 for Influenza.
Shots for this period are 8 for Knights vs 10 for Influenza.
Back to the Top